 Dungeon Crawl Stone Soup version 0.17-a0-1404-gb8113a6 (console) character file.

1359 Fusha the Digger (level 8, -3/63 HPs)
             Began as a Ghoul Earth Elementalist on June 21, 2015.
             Was a Believer of Yredelemnul.
             Slain by Joseph
             ... wielding a +0 quarterstaff of protection
              (13 damage)
             ... on level 7 of the Dungeon on June 22, 2015.
             The game lasted 00:35:26 (6676 turns).

Fusha the Digger (Ghoul Earth Elementalist)         Turns: 6676, Time: 00:35:27

Health: -3/63      AC: 10    Str: 12      XL:     8   Next: 64%
Magic:  1/13       EV: 11    Int: 12      God:    Yredelemnul [**....]
Gold:   310        SH:  0    Dex:  5 (9)  Spells: 5 memorised, 3 levels left

rFire  . . .     SeeInvis +       - Unarmed
rCold  + + .     Clarity  .     B - +3 leather armour {rC+}
rNeg   + + +     SustAt   .     (no shield)
rPois  ∞         Gourm    .     s - +0 helmet
rElec  .         Spirit   .     u - +2 cloak
rCorr  .         Warding  .     (no gloves)
rMut   .         Stasis   .     (no boots)
MR     .....                    (no amulet)
Stlth  ++........               (no ring)
                                h - ring of see invisible

@: rotting, not resistant to hostile enchantments, unstealthy
A: rotting body, claws 1, carnivore 3, cold resistance 1, negative energy
resistance 3, slow healing 1, torment resistance, unbreathing
a: Animate Remains, Recall Undead Slaves, Injury Mirror, Renounce Religion


You were on level 7 of the Dungeon.
You worshipped Yredelemnul.
Yredelemnul was pleased with you.
You were not hungry.

You visited 1 branch of the dungeon, and saw 7 of its levels.

You collected 310 gold pieces.

Inventory:

Missiles
 a - 47 stones (quivered)
 y - 28 poisoned needles
 G - 42 arrows
Armour
 b - a +0 robe
 n - a +1 animal skin
 s - a +0 helmet (worn)
 u - a +2 cloak (worn)
 B - a +3 leather armour of cold resistance (worn)
Rods
 t - a +1 rod of shadows (5/14)
   (You found it on level 4 of the Dungeon)
Jewellery
 h - a ring of see invisible (left claw)
Magical devices
 v - a wand of digging (15)
Scrolls
 e - a scroll of fear
 f - a scroll of immolation
 j - 2 scrolls of enchant weapon
 k - a scroll of random uselessness {unknown}
 p - 5 scrolls of remove curse
 q - a scroll of teleportation
 r - a scroll of recharging {unknown}
 D - a scroll of fog {unknown}
 E - a scroll of blinking {unknown}
Potions
 g - 2 potions of degeneration
 i - a potion of flight {unknown}
 l - a potion of magic
 w - a potion of mutation
 x - 2 potions of agility
 z - a potion of might
 A - 2 potions of brilliance
Books
 c - a book of Geomancy

   Spells                             Type                      Level
   a - Sandblast                      Earth                        1
   b - Stoneskin                      Transmutation/Earth          2
   c - Passwall                       Transmutation/Earth          3
   d - Stone Arrow                    Conjuration/Earth            3
   e - Petrify                        Transmutation/Earth          4
   f - Lee's Rapid Deconstruction     Earth                        5
 m - a book of Party Tricks

   Spells                             Type                      Level
   a - Summon Butterflies             Summoning                    1
   b - Apportation                    Translocation                1
   c - Tukima's Dance                 Hexes                        3
   d - Alistair's Intoxication        Transmutation/Poison         4
   e - Invisibility                   Hexes                        6
 F - a book of Changes

   Spells                             Type                      Level
   a - Beastly Appendage              Transmutation                1
   b - Sticks to Snakes               Transmutation                2
   c - Spider Form                    Transmutation/Poison         3
   d - Ice Form                       Ice/Transmutation            4
   e - Blade Hands                    Transmutation                5
Comestibles
 d - a meat ration


   Skills:
 - Level 3.4 Fighting
 + Level 3.4 Dodging
 + Level 4.7 Stealth
 + Level 4.0 Unarmed Combat
 + Level 4.2 Spellcasting
 + Level 1.1 Transmutations
 * Level 6.6 Earth Magic
 + Level 1.5 Invocations


You had 3 spell levels left.
You knew the following spells:

 Your Spells              Type           Power        Failure   Level  Hunger
a - Sandblast             Erth           ###...       1%          1    None
b - Stone Arrow           Conj/Erth      ##....       24%         3    ###....
c - Summon Butterflies    Summ           #.......     28%         1    None
d - Lee's Rapid Deconstr  Erth           ###.......   56%         5    ######.
e - Sticks to Snakes      Trmt           #.........   28%         2    ##.....


Dungeon Overview and Level Annotations

Branches:
Dungeon (7/15)
 Temple: D:4-7

Altars:
Gozag
Nemelex Xobeh
Qazlal
Sif Muna
Trog
Yredelemnul
The Shining One

Annotations:
D:7 Joseph


Innate Abilities, Weirdness & Mutations

Your body is rotting away.
You thrive on raw meat.
You are immune to poison.
You have sharp fingernails.
You are carnivorous and can eat meat at any time.
Your flesh is cold resistant.
You are immune to negative energy.
You heal slowly when monsters are visible.
You are immune to unholy pain and torment.
You can survive without breathing.


Message History

You closely miss Joseph.
Joseph is almost dead.
Joseph completely misses you.
You closely miss Joseph.
Joseph is almost dead.
Joseph hits you with an uncursed quarterstaff of protection!
* * * LOW HITPOINT WARNING * * *
Drink which item? (? for menu, Esc to quit)
You feel better.
Joseph hits you with an uncursed quarterstaff of protection!
* * * LOW HITPOINT WARNING * * *
Drink which item? (? for menu, Esc to quit)
You feel better.
Joseph hits you with an uncursed quarterstaff of protection.
* * * LOW HITPOINT WARNING * * *
Drink which item? (? for menu, Esc to quit)
You feel better.
Joseph hits you with an uncursed quarterstaff of protection!
You die...
Yredelemnul claims you as an undead slave.

.###.......#
...####.#..##.#
...........##.#
#.####.##.##.# #+#
#.....##.# #.#
#..##.##.# #.#
#..##.##.#
##@##.###..##.##.#
.#.###^(@#............#
..........####.########
#.###.(.(## #.#
#.###.###.# #.# #..>..#
#.###.##### ##...##
#.### #.#


You could see Joseph.

Vanquished Creatures
  Sigmund (D:3)
  Eustachio (D:5)
  2 ogres (D:4)
  A crocodile (D:5)
  A giant frog (D:6)
  Blork the orc (D:4)
  A scorpion (D:6)
  A centaur zombie (D:5)
  A giant frog zombie (D:5)
  A hound (D:4)
  A giant frog skeleton (D:6)
  4 orc priests
  A jelly (D:6)
  2 orc wizards
  Natasha (thrice) (D:3)
  4 worker ants
  Robin (D:2)
  4 gnolls (D:3)
  10 adders
  2 worms
  4 giant geckos
  9 orcs
  7 ball pythons (D:2)
  A bat skeleton (D:5)
  5 giant cockroaches
  22 goblins
  14 hobgoblins
  10 kobolds
  3 quokkas
  8 bats
  A giant gecko skeleton (D:6)
  4 giant newts
  3 jackals
  A quokka zombie (D:6)
  7 rats
142 creatures vanquished.

Notes
Turn   | Place    | Note
--------------------------------------------------------------
     0 | D:1      | Fusha the Ghoul Earth Elementalist began the quest for the Orb.
     0 | D:1      | Reached XP level 1. HP: 14/14 MP: 2/2
   262 | D:1      | Reached XP level 2. HP: 20/22 MP: 3/3
   419 | D:1      | Reached skill level 1 in Unarmed Combat
  1161 | D:2      | Reached XP level 3. HP: 15/27 MP: 4/4
  1175 | D:2      | Learned a level 3 spell: Stone Arrow
  1284 | D:2      | Learned a level 1 spell: Summon Butterflies
  1608 | D:2      | Reached skill level 4 in Earth Magic
  1672 | D:2      | Found a glowing golden altar of the Shining One.
  1681 | D:2      | Found a basalt altar of Yredelemnul.
  1683 | D:2      | Noticed a profane servitor
  1688 | D:2      | Became a worshipper of Yredelemnul the Dark
  1761 | D:2      | Found a bloodstained altar of Trog.
  1772 | D:2      | Reached XP level 4. HP: 31/34 MP: 6/6
  1916 | D:2      | Found a deep blue altar of Sif Muna.
  2125 | D:2      | Reached skill level 1 in Fighting
  2254 | D:3      | Noticed Sigmund
  2273 | D:2      | Noticed Robin
  2298 | D:2      | Killed Robin
  2307 | D:2      | Acquired Yredelemnul's first power
  2394 | D:2      | Reached XP level 5. HP: 38/40 MP: 7/7
  2566 | D:2      | Noticed an angel
  2849 | D:3      | Noticed Natasha
  2862 | D:3      | Killed Natasha
  3073 | D:3      | Found a basalt altar of Yredelemnul.
  3073 | D:3      | Noticed Natasha
  3077 | D:3      | Killed Natasha
  3127 | D:3      | Killed Sigmund
  3127 | D:3      | Reached skill level 5 in Earth Magic
  3127 | D:3      | Reached XP level 6. HP: 46/48 MP: 2/9
  3219 | D:3      | Found an opulent altar of Gozag.
  3220 | D:3      | Found a sparkling altar of Nemelex Xobeh.
  3436 | D:3      | Noticed Natasha
  3441 | D:3      | Killed Natasha
  3775 | D:4      | Reached XP level 7. HP: 48/54 MP: 6/10
  3785 | D:4      | Identified a +1 rod of shadows (14/14) (You found it on level 4 of the Dungeon)
  3839 | D:4      | Acquired Yredelemnul's second power
  3950 | D:4      | Noticed an ogre
  3969 | D:4      | Killed an ogre
  4031 | D:4      | Noticed an ogre
  4045 | D:4      | Killed an ogre
  4116 | D:4      | Found a stormy altar of Qazlal.
  4312 | D:4      | Found a deep blue altar of Sif Muna.
  4408 | D:4      | Noticed Blork the orc
  4417 | D:4      | Killed Blork the orc
  4817 | D:5      | Entered Level 5 of the Dungeon
  4855 | D:5      | Reached skill level 6 in Earth Magic
  4855 | D:5      | Reached XP level 8. HP: 31/61 MP: 3/12
  5014 | D:5      | Learned a level 5 spell: Lee's Rapid Deconstruction
  5186 | D:5      | Noticed Eustachio
  5416 | D:5      | HP: 3/63 [quasit[Eustachio] (1)]
  5644 | D:5      | Killed Eustachio
  5857 | D:6      | Reached skill level 1 in Invocations
  5987 | D:6      | Learned a level 2 spell: Sticks to Snakes
  6070 | D:5      | Reached skill level 1 in Transmutations
  6642 | D:7      | Noticed Joseph
  6673 | D:7      | HP: 2/63 [Joseph/uncursed quarterstaff of protection (16)]
  6676 | D:7      | Slain by Joseph

Vault maps used:
D:1:      dpeg_arrival_rooms_b, st_stairs_5
D:2:      grunt_temple_overflow_holy_war, bloody_trog, lemuel_blue_sif_altar,
          minmay_snake_closets, uniq_robin
D:3:      grunt_temple_overflow_opulence, serial_bayou_pond_d,
          yredelemnul_altar_generic, uniq_natasha, uniq_sigmund
D:4:      overflow_temple_1_default, first_bread, lemuel_statue_altar,
          uniq_blork_the_orc
D:5:      uniq_eustachio
D:6:      minivault_19
D:7:      lemuel_round_altar, lemuel_temple_firewalk_marked, serial_shops,
          nicolae_shop_crystal, uniq_joseph

Action                   |  1- 3 |  4- 6 |  7- 9 || total
-------------------------+-------+-------+-------++-------
Melee: Unarmed           |   147 |   172 |   176 ||   495
 Cast: Sandblast         |     9 |    57 |   110 ||   176
Invok: Injury Mirror     |       |       |     2 ||     2
Evoke: Rod               |       |       |     9 ||     9
  Use: Scroll            |       |     4 |     9 ||    13
       Potion            |       |     1 |     9 ||    10
 Stab: Sleeping          |     3 |     8 |     1 ||    12
  Eat: Chunk             |    25 |    32 |    25 ||    82
